 Dungeon Crawl Stone Soup version 0.31-a0-1598-g94871bc2e8 (webtiles) character file.

Game seed: 11977852416232408585

81 tulseluper1 the Covered (level 4, 0/40 HPs)
             Began as a Minotaur Fighter on Jan 7, 2024.
             Killed by nerve-wracking pain
             ... invoked by Jessica
              (11 damage)
             ... on level 3 of the Dungeon.
             The game lasted 00:10:55 (2181 turns).

tulseluper1 the Covered (Minotaur Fighter)          Turns: 2181, Time: 00:10:56

Health: 0/40       AC:  7    Str: 23    XL:     4   Next: 20%
Magic:  3/3        EV: 24    Int: 11    God:
Gold:   124        SH:  4    Dex:  9    Spells: 3/3 levels left

rFire   x . .        a - +0 long sword (flame)
rCold   + . .        c - +0 buckler
rNeg    . . .        b - +0 scale mail
rPois   .            (helmet restricted)
rElec   .            (no cloak)
rCorr   .            (no gloves)
SInv    .            (no boots)
Will    +....        f - amulet of the acrobat Stlth
                     g - ring of ice
HPRegen 0.26/turn    n - +6 ring of intelligence
MPRegen 0.08/turn

%: acrobat
@: mighty, acrobatic, enlightened, flying
A: horns 2, retaliatory headbutt
a: no special abilities


You were on level 3 of the Dungeon.
You visited 1 branch of the dungeon, and saw 3 of its levels.

You collected 124 gold pieces.

Inventory:

Hand Weapons
 a - a +0 long sword of flaming (weapon)
Missiles
 m - 24 stones (quivered)
Armour
 b - a +0 scale mail (worn)
 c - a +0 buckler (worn)
Jewellery
 e - a ring of wizardry
 f - an amulet of the acrobat (around neck)
 g - a ring of ice (left hand)
 i - a ring of ice
 n - a +6 ring of intelligence (right hand)
Potions
 h - 2 potions of degeneration
 l - 3 potions of attraction


   Skills:
 + Level 4.0 Fighting
 + Level 3.3 Long Blades
 + Level 1.2 Throwing
 + Level 4.2 Armour
 + Level 0.2 Dodging
 + Level 0.4 Stealth
 + Level 4.2 Shields


You had 3 spell levels left.
You didn't know any spells.
Your spell library was empty.

Dungeon Overview and Level Annotations

Branches:
Dungeon (3/15)

Altars:

Annotations:
D:3 Jessica


Innate Abilities, Weirdness & Mutations

You have a pair of horns on your head.
You reflexively headbutt those who attack you in melee.


Message History

You hear some strange, mumbled words.
A puff of flame appears from out of thin air!
The puff of flame hits you! The fire burns you terribly!
* * * LOW HITPOINT WARNING * * *
It was a potion of ambrosia.
You are confused.
You feel invigorated. Jessica gestures at you while chanting.
Pain shoots through your body!
* * * LOW HITPOINT WARNING * * *
Jessica hits you with a +0 dagger.
* * * LOW HITPOINT WARNING * * *
It was a potion of enlightenment.
You feel very buoyant.
You fly up into the air.
You feel less invigorated.
You feel less confused. Jessica hits you with a +0 dagger.
* * * LOW HITPOINT WARNING * * *
The orc throws a stone.
The stone barely misses you. Jessica misses you. You furiously retaliate!
You headbutt Jessica. Jessica misses you.
Something hits you but does no damage. The orc attacks as it pursues you!
You block the orc's attack. Jessica completely misses you.
You feel yourself speed up.
The orc throws a stone.
You block the stone.
Jessica looks very angry.
Jessica mumbles some strange words.
Jessica blinks!
The orc throws a stone.
Something misses you. Jessica says, "Why did you come here?"
The orc attacks as it pursues you! The orc misses you.
The orc throws a poisoned dart.
You block the poisoned dart. Jessica attacks as she pursues you!
Jessica misses you. Jessica closely misses you.
Found a stone staircase leading down.
An orc wizard appears from thin air!
Reactivating autopickup.
Jessica attacks as she pursues you! Jessica hits you but does no damage.
Jessica barely misses you. Jessica casts a spell at you.
Pain shoots through your body!
You die...

################
#..............#
#..............#
#..............#
#..........o...#
##..........o...#######
............oo@.@....>#
##..............#####.#
##..............#
##..............#
......###########
#####.# # #.# #####.#
......#


You could see an orc wizard, Jessica (fast) and 3 orcs.

Vanquished Creatures
  An adder (D:3)
  2 dart slugs (D:1)
  2 ribbon worms
  2 orcs
  8 ball pythons
  4 endoplasms
  4 giant cockroaches (D:2)
  2 goblins (D:2)
  7 hobgoblins
  9 jackals
  5 kobolds
  A quokka (D:2)
  3 bats
  2 rats
52 creatures vanquished.

Notes
Turn   | Place    | Note
-------+----------+-------------------------------------------
     0 | D:1      | tulseluper1 the Minotaur Fighter began the quest for the
                  | Orb.
     0 | D:1      | Reached XP level 1. HP: 19/19 MP: 0/0
   298 | D:1      | Reached XP level 2. HP: 27/27 MP: 1/1
   975 | D:2      | Reached XP level 3. HP: 33/33 MP: 2/2
  2123 | D:3      | Reached XP level 4. HP: 40/40 MP: 3/3
  2151 | D:3      | Noticed Jessica
  2159 | D:3      | Reached skill level 1 in Throwing
  2168 | D:3      | HP: 1/40 [Jessica/+0 dagger (3)]
  2181 | D:3      | Killed from afar by Jessica

Illustrated notes

Levels and vault maps discovered:
D:1:      minmay_arrival_up_and_down, layout_loops_ring, kennysheep_crisscross,
          minmay_distorted
D:2:      layout_basic
D:3:      layout_basic, nicolae_overflow_hallway_of_the_gods,
          shapermc_ecumenical_altar_rom_forum, uniq_jessica, uniq_robin,
          uniq_ijyb

Skill      XL: |  1  2  3  4 |
---------------+-------------+-----
Armour         | 4 |  4.2
Fighting       | 4 |  4.0
Shields        | 4 |  4.2
Long Blades    | 3 |  3.3
Throwing       | 1 |  1.2
Dodging        | |  0.2
Stealth        | |  0.4

Action                     |  1- 3 |  4- 6 || total
---------------------------+-------+-------++-------
  Melee: Long sword        |    97 |     9 ||   106
         Headbutt          |    13 |     1 ||    14
  Throw: Dart              |    49 |     2 ||    51
         Stone             |     2 |     2 ||     4
    Use: Scroll            |     4 |     1 ||     5
         Potion            |       |     4 ||     4
 Armour: Scale mail        |    54 |    15 ||    69
  Dodge: Dodged            |    40 |    17 ||    57
  Block: Buckler           |    28 |     8 ||    36

Table legend: (Time is in decaauts)
 A = Elapsed time spent in this place.
 B = Non-inter-level travel time spent in this place.
 C = Inter-level travel time spent in this place.
 D = Time resting spent in this place.
 E = Time spent auto-exploring this place.
 F = Levels seen in this place.
 G = Mean time per level.
                   A        B        C        D        E       F      G
               +--------+--------+--------+--------+--------+-----+--------+
         Total |   2215 |   2093 |    122 |    315 |   1119 |   3 |  738.3 |
       Dungeon |   2215 |   2093 |    122 |    315 |   1119 |   3 |  738.3 |
               +--------+--------+--------+--------+--------+-----+--------+

Top non-repeatable levels by time:
     D:2: 1065 daAuts
     D:1: 943 daAuts
     D:3: 207 daAuts
